 Dungeon Crawl Stone Soup version 0.22.0-75-g3901e79 (webtiles) character file.

990 whitewolfNL the Firebug (level 8, -6/44 HPs)
             Began as a Gargoyle Fire Elementalist on Sept 12, 2018.
             Was an Initiate of Cheibriados.
             Mangled by an orc warrior
             ... wielding a +0 hand axe
              (12 damage)
             ... on level 6 of the Dungeon.
             The game lasted 01:24:36 (9485 turns).

whitewolfNL the Firebug (GrFE)                      Turns: 9485, Time: 01:24:37

Health: -6/44      AC: 13    Str: 12    XL:     8   Next: 18%
Magic:  3/13       EV: 11    Int: 19    God:    Cheibriados [......]
Gold:   375        SH:  0    Dex: 12    Spells: 3/14 levels left

rFire    . . .     SeeInvis .   Q - -1 dagger (curse)
rCold    . . .     Gourm    .   (no shield)
rNeg     + . .     Faith    .   U - +0 ring mail
rPois    ∞         Spirit   .   (no helmet)
rElec    +         Reflect  .   G - +0 cloak
rCorr    .         Harm     .   (no gloves)
MR       .....                  S - +0 pair of boots
Stlth    ++........             (no amulet)
HPRegen  0.14/turn              (no ring)
MPRegen  0.13/turn              (no ring)

@: about to teleport, very slightly contaminated, very slow
A: negative energy resistance 1, electricity resistance, unbreathing,
petrification resistance, rot immunity, AC +5
a: Bend Time, Renounce Religion


You were on level 6 of the Dungeon.
You worshipped Cheibriados.
Cheibriados was noncommittal.
You were not hungry.

You visited 2 branches of the dungeon, and saw 7 of its levels.

You collected 375 gold pieces.

Inventory:

Hand Weapons
 c - a +0 short sword
 j - a +0 club
 m - a +0 flail
 o - a +0 whip
 q - a +0 spear
 s - a +2 whip of draining
 u - a +0 shortbow
 v - a +0 whip
 w - a +0 hunting sling
 x - a cursed +0 mace
 y - a +0 hand axe
 z - a +0 short sword
 A - a +0 hand axe
 I - a +0 hand axe
 J - a +0 mace
 L - a +0 short sword
 M - a +0 mace
 P - a +0 shortbow
 Q - a cursed -1 dagger (weapon)
 R - a +0 club
 T - a +0 trident
 W - a +2 falchion of flaming
 Y - a +0 mace
Missiles
 b - a throwing net
 d - 161 stones (quivered)
 e - 49 sling bullets
 g - 45 bolts
 B - 81 arrows
 D - 29 poisoned needles
Armour
 k - a +0 leather armour
 n - a +0 cloak
 r - a +0 shield
 C - a +0 large shield
 G - a +0 cloak (worn)
 S - a +0 pair of boots (worn)
 U - a +0 ring mail (worn)
Wands
 a - a wand of digging (5)
 h - a wand of polymorph (6)
 i - a wand of disintegration (19)
Scrolls
 l - 2 scrolls of teleportation
Potions
 t - a potion of heal wounds {unknown}
 F - 3 potions of curing
 H - a potion of lignification {unknown}
 X - 3 potions of might
Comestibles
 f - a ration


   Skills:
 * Level 2.0 Fighting
 - Level 0.1(0.2) Short Blades
 + Level 0.3(0.4) Long Blades
 * Level 4.3 Armour
 * Level 3.1 Dodging
 * Level 4.3 Stealth
 + Level 3.8 Spellcasting
 * Level 3.4 Conjurations
 + Level 5.0 Fire Magic


You had 3 spell levels left.
You knew the following spells:

 Your Spells              Type           Power        Failure   Level  Hunger
a - Flame Tongue          Conj/Fire      ###..        5%          1    None
b - Conjure Flame         Conj/Fire      ###.....     16%         3    ###....
c - Throw Flame           Conj/Fire      ###...       8%          2    ##.....
d - Fireball              Conj/Fire      ###.......   82%         5    ######.

Your spell library contained the following spells:

 Spells                   Type           Power        Failure   Level  Hunger
 Inner Flame              Hex/Fire       ##......     32%         3    ###....
 Sticky Flame             Conj/Fire      ###.....     45%         4    ####...


Dungeon Overview and Level Annotations

Branches:
Dungeon (6/15)             Temple (1/1) D:6

Altars:
Ashenzari
Cheibriados
Dithmenos
Elyvilon
Gozag
Hepliaklqana
Okawaru
Qazlal
Ru
Trog
Uskayaw
Wu Jian
Xom
Yredelemnul
Zin

Annotations:
D:3 3 runed doors, conein's ghost, weakling FeCK


Innate Abilities, Weirdness & Mutations

You are resistant to torment.
Your stone body is resilient. (AC +5)
You are immune to poison.
You resist negative energy. (rN+)
You are resistant to electric shocks. (rElec)
You can survive without breathing.
You are immune to petrification.
You are immune to rotting.


Message History

The orc wizard hits you but does no damage.
The orc warrior hits you with a hand axe!
Casting: Flame Tongue (safe; 5% risk of failure)
Confirm with . or Enter, or press ? or * to list all spells.
Aiming: Flame Tongue (safe; 5% risk of failure)
Press: ? - help, Shift-Dir - straight line, f/p - orc wizard
Aim: an orc wizard, wielding a dagger and wearing a robe (severely wounded)
The flame tongue hits the orc wizard.
The orc wizard is severely wounded.
The orc wizard casts a spell.
The orc wizard flickers and vanishes!
Deactivating autopickup; reactivate with Ctrl-A.
The orc warrior hits you with a hand axe!
* * * LOW HITPOINT WARNING * * *
You don't have enough magic at the moment.
The orc warrior barely misses you.
As you read the scroll of teleportation, it crumbles to dust.
You feel strangely unstable.
The orc warrior hits you with a hand axe!
You die...

....# ##.##..##....# ##.....#
...#######..##..###..## #.......
...###......#...###...####.......
........##..^.........##.....####
#......####................### #.
##.....## #...............## ##.
##.....###..#.............####..
#......##..#........##.....#...
##...........o@.....####......#
####.........###.....## ##......
..............####...## ##.....
.............<..##....## ##.....
####..###..............####......
#..# #.........####...........
#..# #........## #............
#..# #.......####....#........
#..# #.......# #....#........#


You could see an orc warrior.

Vanquished Creatures
  2 ice beasts
  2 centaurs
  2 bullfrogs (D:6)
  A howler monkey (D:4)
  A crimson imp (D:5)
  A jelly (D:6)
  3 orc priests
  An orc wizard (D:3)
  4 worker ants
  A worker ant zombie (D:5)
  3 adders
  A howler monkey skeleton (D:6)
  2 shadow imps (D:6)
  3 oozes
  4 worms
  5 dart slugs
  4 leopard geckos
  15 orcs
  5 giant cockroaches
  7 goblins
  9 hobgoblins
  4 jackals (D:4)
  3 quokkas (D:2)
  7 bats
  6 frilled lizards
  9 kobolds
  2 leopard gecko skeletons
  6 rats
113 creatures vanquished.

Vanquished Creatures (others)
  2 fungi (D:3)
  2 plants (D:3)
4 creatures vanquished.

Grand Total: 117 creatures vanquished

Notes
Turn   | Place    | Note
-------+----------+-------------------------------------------
     0 | D:1      | whitewolfNL the Gargoyle Fire Elementalist began the quest
                  | for the Orb.
     0 | D:1      | Reached XP level 1. HP: 10/10 MP: 3/3
   421 | D:1      | Reached XP level 2. HP: 15/15 MP: 0/5
   891 | D:1      | Reached XP level 3. HP: 15/19 MP: 0/6
  2077 | D:2      | Reached skill level 4 in Fire Magic
  2122 | D:2      | Learned a level 3 spell: Conjure Flame
  2125 | D:2      | Learned a level 2 spell: Throw Flame
  2134 | D:2      | Reached XP level 4. HP: 24/24 MP: 0/7
  3464 | D:3      | Found a runed gate.
  3465 | D:3      | Found a runed gate.
  3466 | D:3      | Found a runed gate.
  3467 | D:3      | Noticed conein's ghost (weakling FeCK)
  3888 | D:3      | Reached skill level 1 in Armour
  3888 | D:3      | Reached XP level 5. HP: 17/28 MP: 0/9
  3965 | D:3      | Noticed a centaur
  4021 | D:3      | Killed a centaur
  4021 | D:3      | Reached XP level 6. HP: 6/32 MP: 0/10
  5268 | D:4      | Learned a level 5 spell: Fireball
  5274 | D:4      | Found a sand-covered staircase.
  5482 | D:4      | Noticed an ice beast
  6815 | D:5      | Entered Level 5 of the Dungeon
  6948 | D:5      | Noticed a phantom
  7021 | D:4      | Killed an ice beast
  7021 | D:4      | Reached skill level 1 in Fighting
  7021 | D:4      | Reached XP level 7. HP: 38/38 MP: 7/12
  8997 | D:6      | Reached skill level 5 in Fire Magic
  9049 | D:6      | Found a staircase to the Ecumenical Temple.
  9053 | D:6      | Reached XP level 8. HP: 44/44 MP: 4/13
  9066 | Temple   | Entered the Ecumenical Temple
  9195 | Temple   | Became a worshipper of Cheibriados the Contemplative
  9485 | D:6      | Mangled by an orc warrior

Skill      XL: |  1  2  3  4  5  6  7  8 |
---------------+-------------------------+-----
Fire Magic     | 4 5 |  5.0
Dodging        | 2 3 |  3.1
Armour         | 1 3 4 |  4.3
Conjurations   | 2 3 |  3.4
Stealth        | 3 4 |  4.3
Spellcasting   | 3 |  3.8
Fighting       | 1 2 |  2.0
Short Blades   | |  0.1
Long Blades    | |  0.3

Action                   |  1- 3 |  4- 6 |  7- 9 || total
-------------------------+-------+-------+-------++-------
Melee: Club              |    13 |    40 |       ||    53
       Dagger            |       |    48 |    12 ||    60
       Falchion          |       |     8 |    50 ||    58
 Cast: Flame Tongue      |    69 |   113 |    44 ||   226
       Throw Flame       |       |    17 |    16 ||    33
       Conjure Flame     |       |     2 |       ||     2
  Use: Scroll            |     1 |    11 |     1 ||    13
  Eat: Chunk             |     1 |     7 |     2 ||    10
       Ration            |     1 |     3 |     2 ||     6
Armor: Robe              |    15 |       |       ||    15
       Ring mail         |     5 |   106 |    50 ||   161
Dodge: Dodged            |    36 |    88 |    45 ||   169
       Rpst.: Falchion   |       |     4 |     7 ||    11
